AoeStats
← Michi Fortune

Arena

509572731Analyzed
4v4 RM · 7d ago on Sep 27, 2026· 47m 43s· 8 players
Game mode
Random Map
Map size
Large (8 player)
Population
200
Speed
Normal
Resources
Standard
Victory
Conquest
Starting age
Dark Age
Ending age
Imperial Age
RankedLock teamsTeams togetherTeam positionsShared explorationLock speedFull tech treeHidden civsTurbo modeCheats
Victory
Defeat
🇺🇸 Persians · United States
796
+9
🇲🇽 Franks · Mexico
749
+10
🇪🇸 Byzantines · Spain
712
+12
🇨🇱 Cumans · Chile
641
+20
🇫🇷 Inca · France
661
-13
🇮🇳 Franks · India
654
-13
🇮🇳 Turks · India
599
-11
🇫🇷 Huns · France
552
-9
julien315550
0:54 Loom
11:41 Feudal Age
12:04 Horse Collar
12:10 Double-Bit Axe
12:24 Gold Mining
12:25 Stone Mining
13:13 Wheelbarrow
24:45 Castle Age
27:03 Bow Saw
28:42 Hand Cart
28:29 Heavy Plow
30:27 Gold Shaft Mining
34:07 Stone Shaft Mining
33:43 Caravan
34:14 Coinage
37:33 Andean Sling
37:46 Scale Mail Armor
37:56 Forging
40:42 Chain Mail Armor
41:02 Iron Casting
39:54 Pikeman
40:35 Squires
41:48 Town Watch
44:34 Imperial Age
A11Wolv3rin3
1:06 Loom
14:39 Feudal Age
15:10 Double-Bit Axe
19:24 Stone Mining
19:28 Gold Mining
22:47 Castle Age
23:16 Man-at-Arms
25:42 Bow Saw
25:45 Long Swordsman
25:46 Pikeman
26:11 Gambesons
26:27 Squires
26:13 Arson
28:00 Fletching
29:15 Caravan
30:47 Husbandry
30:54 Bodkin Arrow
32:37 Gold Shaft Mining
33:20 Ballistics
37:08 Wheelbarrow
39:01 Hand Cart
s1R1Us
12:24 Feudal Age
12:50 Double-Bit Axe
16:22 Horse Collar
20:06 Castle Age
18:52 Stone Mining
19:48 Gold Mining
20:07 Fletching
21:23 Bow Saw
24:28 Thumb Ring
25:49 Padded Archer Armor
31:59 Heavy Plow
36:00 Imperial Age
36:40 Ballistics
NAPOLEON1096
0:59 Loom
15:26 Feudal Age
16:12 Town Watch
16:48 Man-at-Arms
17:51 Stone Mining
18:09 Double-Bit Axe
18:48 Horse Collar
20:15 Fletching
22:23 Wheelbarrow
22:33 Forging
23:09 Gold Mining
24:09 Scale Mail Armor
24:12 Padded Archer Armor
25:50 Scale Barding Armor
29:34 Castle Age
30:11 Long Swordsman
30:14 Pikeman
30:55 Squires
30:57 Heavy Plow
31:14 Bow Saw
31:11 Town Patrol
31:31 Bodkin Arrow
32:12 Iron Casting
31:55 Chain Mail Armor
32:48 Elite Skirmisher
34:32 Leather Archer Armor
34:39 Chain Barding Armor
35:18 Hand Cart
36:15 Gold Shaft Mining
35:37 Arson
Campos1372
8:31 Loom
12:20 Feudal Age
13:12 Double-Bit Axe
18:43 Castle Age
18:14 Gold Mining
18:17 Stone Mining
28:27 Light Cavalry
30:32 Gold Mining
34:39 Imperial Age
32:42 Pikeman
33:23 Squires
33:08 Arson
35:29 Scale Barding Armor
35:24 Scale Mail Armor
35:34 Forging
36:22 Bow Saw
37:21 Chemistry
36:17 Murder Holes
36:54 Husbandry
36:14 Cavalier
38:54 Ballistics
38:45 Fortified Wall
39:14 Wheelbarrow
38:25 Town Watch
39:17 Gold Shaft Mining
40:12 Chain Barding Armor
40:07 Chain Mail Armor
40:28 Iron Casting
39:43 Fletching
39:53 Padded Archer Armor
40:07 Masonry
40:15 Hand Cart
41:39 Chivalry
41:22 Capped Ram
41:40 Paladin
42:44 Halberdier
44:32 Plate Barding Armor
44:28 Plate Mail Armor
44:58 Blast Furnace
43:54 Bodkin Arrow
44:03 Town Patrol
zuri_gos
6:04 Loom
12:29 Feudal Age
14:37 Double-Bit Axe
16:13 Wheelbarrow
18:34 Castle Age
18:14 Horse Collar
22:34 Bow Saw
25:04 Heavy Plow
25:32 Gold Mining
30:28 Imperial Age
29:23 Forging
29:18 Scale Barding Armor
29:30 Scale Mail Armor
30:28 Squires
31:46 Chain Barding Armor
34:34 Onager
40:00 Elite Cataphract
44:17 Hand Cart
46:20 Two-Man Saw
46:08 Iron Casting
46:08 Plate Barding Armor
45:49 Chain Mail Armor
46:37 Chemistry
46:43 Conscription
Kris
12:48 Feudal Age
16:29 Castle Age
14:13 Horse Collar
14:29 Double-Bit Axe
15:11 Stone Mining
15:45 Gold Mining
17:22 Bow Saw
31:47 Wheelbarrow
31:01 Town Watch
31:03 Loom
35:38 Imperial Age
33:26 Hand Cart
34:14 Kamandaran
35:16 Town Patrol
35:40 Ballistics
34:49 Crossbowman
35:34 Thumb Ring
37:20 Chemistry
36:23 Padded Archer Armor
36:14 Fletching
37:17 Conscription
39:06 Elite War Elephant
41:43 Heavy Plow
42:44 Two-Man Saw
43:30 Stone Shaft Mining
43:31 Gold Shaft Mining
42:56 Bodkin Arrow
43:16 Leather Archer Armor
43:07 Scale Barding Armor
45:38 Ring Archer Armor
46:05 Chain Barding Armor
45:46 Scale Mail Armor
48:39 Plate Barding Armor
Michi Fortune
13:21 Feudal Age
15:51 Double-Bit Axe
22:43 Horse Collar
24:55 Wheelbarrow
24:05 Town Watch
24:57 Wheelbarrow
24:08 Loom
24:59 Wheelbarrow
24:10 Loom
25:05 Wheelbarrow
25:11 Wheelbarrow
24:27 Loom
32:53 Castle Age
30:57 Loom
30:58 Town Watch
32:06 Padded Archer Armor
32:13 Gold Mining
32:14 Stone Mining
36:09 Heavy Plow
36:29 Hand Cart
39:06 Caravan
39:37 Coinage
39:39 Sanctity
39:19 Devotion
39:20 Herbal Medicine
42:01 Town Patrol
45:12 Masonry
44:56 Heated Shot
45:35 Ballistics
46:45 Elite Skirmisher
46:46 Crossbowman
47:35 Thumb Ring
47:52 Thumb Ring
Connection lost

Rejoining the realm…

Still unreachable

The connection could not be restored.

Session expired

The server has moved on; the page needs a fresh start.